 Dungeon Crawl Stone Soup version 0.19.0-16-g73b5abf (webtiles) character file.

77 Pihi the Ruffian (level 4, -2/44 HPs)
             Began as a Troll Monk on Nov 11, 2016.
             Slain by Sigmund
             ... wielding a +0 scythe
              (7 damage)
             ... on level 2 of the Dungeon.
             The game lasted 00:02:28 (828 turns).

Pihi the Ruffian (Troll Monk)                        Turns: 828, Time: 00:02:29

Health: -2/44      AC:  5    Str: 20    XL:     4   Next: 14%
Magic:  3/3        EV: 10    Int:  6    God:
Gold:   43         SH:  0    Dex: 12    Spells: 0 memorised, 3 levels left

rFire  . . .     SeeInvis .       - Unarmed
rCold  . . .     Gourm    +     a - +0 robe
rNeg   . . .     Faith    .     (no shield)
rPois  .         Spirit   .     (helmet restricted)
rElec  .         Reflect  .     (no cloak)
rCorr  .         Harm     .     (gloves unavailable)
MR     .....                    (boots unavailable)
Stlth  ++........               (no amulet)
                                (no ring)
                                (no ring)

@: flying
A: unfitting armour, claws 3, fast metabolism 3, gourmand, regeneration 1,
shaggy fur 1, tough skin 2
a: no special abilities


You were on level 2 of the Dungeon.
You were completely stuffed.

You visited 1 branch of the dungeon, and saw 2 of its levels.

You collected 43 gold pieces.

Inventory:

Armour
 a - a +0 robe (worn)
Scrolls
 c - a scroll of remove curse {unknown}
 e - a scroll of magic mapping {unknown}
 f - a scroll of immolation {unknown}
 h - a scroll of enchant weapon {unknown}
 k - a scroll of amnesia {unknown}
Potions
 g - a potion of might {unknown}
Comestibles
 b - 4 bread rations
 i - a meat ration
 j - 4 chunks of flesh


   Skills:
 - Level 2.4 Fighting
 - Level 2.4 Dodging
 - Level 1.0 Stealth
 * Level 5.0 Unarmed Combat


You had 3 spell levels left.
You didn't know any spells.

Dungeon Overview and Level Annotations

Branches:
Dungeon (2/15)

Altars:

Annotations:
D:2 Sigmund, Terence


Innate Abilities, Weirdness & Mutations

You are too large for most types of armour.
You have claws for hands.
Your metabolism is lightning-fast.
You like to eat raw meat.
Your natural rate of healing is unusually fast.
You are covered in fur. (AC +1)
You have very tough skin. (AC +2)


Message History

Terence is heavily wounded.
You feel less confused. Terence barely misses you. Something hits you.
You closely miss Terence.
Terence is heavily wounded.
Terence barely misses you.
The hobgoblin hits you but does no damage.
You completely miss Terence.
Terence is heavily wounded.
Something hits you!
* * * LOW HITPOINT WARNING * * *
Terence hits you with a short sword.
* * * LOW HITPOINT WARNING * * *
The hobgoblin hits you.
* * * LOW HITPOINT WARNING * * *
It was a potion of flight.
You feel very buoyant.
You fly up into the air.
Terence hits you but does no damage. Something hits you!
You die...

..... #......
.....!.###..........
.
....................
..
.#...................
#..
............##......
.. ...........
#...... #.##...##.###
.......
#.g{@g......####.....
#@...#.#.## ##....
#......#..####....
##......#.##......
#............†).....
...##.#.........#....
#. ...#.##....###....
# ..............#....
....>..........##...
...........#...###..


You could see Terence, a hobgoblin and a goblin.

Vanquished Creatures
  Jessica (D:2)
  2 adders (D:2)
  A worm (D:2)
  3 dart slugs
  A giant cockroach (D:1)
  A goblin (D:1)
  2 hobgoblins (D:1)
  3 jackals (D:1)
  A quokka (D:2)
  A ball python (D:2)
  3 bats
  A frilled lizard (D:1)
  5 kobolds
  4 rats
29 creatures vanquished.

Notes
Turn   | Place    | Note
-------+----------+-------------------------------------------
     0 | D:1      | Pihi the Troll Monk began the quest for the Orb.
     0 | D:1      | Reached XP level 1. HP: 22/22 MP: 0/0
   158 | D:1      | Reached XP level 2. HP: 29/29 MP: 1/1
   591 | D:1      | Reached skill level 4 in Unarmed Combat
   726 | D:2      | Noticed Jessica
   732 | D:2      | Killed Jessica
   732 | D:2      | Reached XP level 3. HP: 26/36 MP: 2/2
   779 | D:2      | Reached XP level 4. HP: 41/44 MP: 3/3
   797 | D:2      | Reached skill level 5 in Unarmed Combat
   811 | D:2      | Noticed Terence
   813 | D:2      | Noticed Sigmund
   828 | D:2      | Slain by Sigmund

Skill      XL: |  1  2  3  4 |
---------------+-------------+-----
Unarmed Combat | 4 5 |  5.0
Fighting       | |  2.4
Dodging        | |  2.4
Stealth        | |  1.0

Action                   |  1- 3 |  4- 6 || total
-------------------------+-------+-------++-------
Melee: Unarmed           |    57 |    17 ||    74
  Use: Potion            |       |     1 ||     1
  Eat: Chunk             |    13 |       ||    13
Armor: Robe              |    18 |     4 ||    22
Dodge: Dodged            |    40 |     8 ||    48
